Cogmind - Beta 11.1 --- EXPLORER MODE // 2022.05.22 @ 20:25:00 Player: C4ckw1z11 Result: Self-destructed Performance ------------- Evolutions (1) 500 Regions Visited (5) 1000 Robots Destroyed (46) 230 Value Destroyed (1127) 1127 Prototype IDs (0) 0 Alien Tech Used (0) 0 Bonus (16) 16 TOTAL SCORE: 2873 Bonus ------- High Alert Combat Kills 16 Cogmind --------- Core Integrity 155/400 Matter 298/300 Energy 100/100 System Corruption 4% Temperature Cool (9) Movement Walking (120) Location -6/Proximity Caves Parts ------- > --- POWER (2) -------- (None) > --- PROPULSION (3) --- Carbon-fiber Leg > --- UTILITY (2) ------ Terrain Scanner > --- WEAPON (3) ------- Heavy Laser > --- INVENTORY (5) ---- Advanced Signal Interpreter Advanced Target Analyzer Peak State ------------ > --- POWER ------------ Light Nuclear Core Light Angular Momentum Engine > --- PROPULSION ------- Aluminum Leg Aluminum Leg Improved Aluminum Leg > --- UTILITY ---------- Terrain Scanner Tractor Beam > --- WEAPON ----------- Heavy Laser Heavy Assault Rifle Heavy Assault Rifle > --- INVENTORY -------- Advanced Signal Interpreter Advanced Target Analyzer Heavy Assault Rifle [Rating: 23] Favorites ----------- Power Ion Engine Engine Ion Engine Power Core Light Nuclear Core Propulsion Aluminum Leg Leg Aluminum Leg Flight Unit VTOL Module Utility Terrain Scanner Device Terrain Scanner Weapon Heavy Assault Rifle Energy Gun Heavy Laser Ballistic Gun Heavy Assault Rifle Special Weapon Plasma Cutter Build | -11 -10 -9 -9 -7 -6 ------- Run | Scr Mat Mat Min Zio Pro Slots Evolved 3 | . 1 2 . . . Power 1 | . 1 . . . . Propulsion 1 | . . 1 . . . Utility . | . . . . . . Weapon 1 | . . 1 . . . Parts Attached 21 | 6 1 8 . . 6 Power 5 | 1 . 2 . . 2 Engine 4 | 1 . 2 . . 1 Core 1 | . . . . . 1 Reactor . | . . . . . . Propulsion 6 | 2 . 3 . . 1 Treads . | . . . . . . Leg 5 | 2 . 2 . . 1 Wheel . | . . . . . . Hover . | . . . . . . Flight 1 | . . 1 . . . Utility 2 | 1 1 . . . . Device 2 | 1 1 . . . . Storage . | . . . . . . Processor . | . . . . . . Hackware . | . . . . . . Protection . | . . . . . . Artifact . | . . . . . . Weapon 8 | 2 . 3 . . 3 Energy Gun 1 | . . . . . 1 Energy Cannon . | . . . . . . Ballistic Gun 6 | 2 . 3 . . 1 Ballistic Cannon . | . . . . . . Launcher . | . . . . . . Special Weapon 1 | . . . . . 1 Impact Weapon . | . . . . . . Slashing Weapon . | . . . . . . Piercing Weapon . | . . . . . . Special Melee Weapon . | . . . . . . Unidentified Prototypes . | . . . . . . Parts Lost 10 | . . 1 . . 9 Power 4 | . . 1 . . 3 Propulsion 3 | . . . . . 3 Utility 1 | . . . . . 1 Weapon 2 | . . . . . 2 Highest Loss Streak 6 | . . 1 . . 6 To Critical Strikes . | . . . . . . Average Slot Usage (%) 92 | . 85 93 100 100 90 Engine 14 | . 12 14 20 20 10 Core 2 | . . . . . 9 Leg 26 | . 25 29 30 30 21 Device 20 | . 23 20 20 20 19 Energy Gun 2 | . . . . . 8 Ballistic Gun 26 | . 25 28 30 30 21 Naked Turns . | . . . . . . Heaviest Build 26 | 8 9 19 19 19 26 Greatest Support 33 | 20 20 33 33 33 23 Greatest Overweight (x) 8 | . . 4 . 1 8 Average Overweight (x) . | . . . . . . Largest Inventory Capacity 5 | 5 5 5 5 5 5 Average Capacity 5 | 5 5 5 5 5 5 Most Carried 5 | 5 1 3 1 3 4 Average Carried . | . . . . 1 2 Final Capacity 5 | 5 5 5 5 5 5 Final Carried 3 | . . . 1 3 2 Class Distribution -------------------- 63% | Hacker-Skirmisher 36% | Hacker-Mutant Dominant Class ---------------- Hacker-Mutant | -10/Materials Hacker-Skirmisher | -9/Materials Hacker-Skirmisher | -9/Mines Hacker-Skirmisher | -7/Zion Hacker-Skirmisher | -6/Proximity Caves Resources | -11 -10 -9 -9 -7 -6 ----------- Run | Scr Mat Mat Min Zio Pro Matter Collected 1080 | 266 54 437 . . 323 Remotely 781 | . 54 437 . . 290 Salvage Created 1536 | 50 204 855 . . 427 Parts 104 | 3 10 74 . . 17 Haulers Intercepted 1 | . . 1 . . . Recyclers Shooed 1 | . . 1 . . . Parts Field Recycled . | . . . . . . Retrieved Matter . | . . . . . . Parts Self-Destructed . | . . . . . . Prevented . | . . . . . . Kills | -11 -10 -9 -9 -7 -6 ------- Run | Scr Mat Mat Min Zio Pro Combat Hostiles Destroyed 34 | . 6 19 . . 9 Guns 34 | . 6 19 . . 9 Classes Destroyed 10 | 1 3 4 . . 2 Worker 2 | . . 2 . . . Hauler 1 | . . 1 . . . Recycler 2 | 1 . 1 . . . Minesweeper 1 | . . . . . 1 Operator 1 | . . 1 . . . Watcher 5 | . 1 4 . . . Swarmer 16 | . 2 11 . . 3 Grunt 10 | . 4 4 . . 2 Sentry 4 | . . 4 . . . Programmer 1 | . . . . . 1 Thug 3 | . . . . . 3 Best Kill Streak 14 | 1 2 14 . . 3 Combat Bots Only 6 | . 2 6 . . 3 Max Kills in Single Turn 2 | 1 2 2 . . 1 Gunslinging 1 | . 1 1 . . . Exploded . | . . . . . . Melee . | . . . . . . Uniques/NPCs Destroyed . | . . . . . . Combat | -11 -10 -9 -9 -7 -6 -------- Run | Scr Mat Mat Min Zio Pro Damage Taken 1234 | . 54 404 . . 776 Core 253 | . 8 75 . . 170 Absorbed by Shields . | . . . . . . Core Remaining (%) 98 | 100 96 . . . . Volleys Fired 109 | 3 22 49 . . 35 Largest 3 | 2 2 3 . . 3 Hottest 115 | 40 40 69 . . 115 Shots Fired 276 | 6 44 135 . . 91 Gun 273 | 6 44 135 . . 88 Cannon . | . . . . . . Launcher . | . . . . . . Special 3 | . . . . . 3 Kinetic 257 | 6 44 135 . . 72 Thermal 19 | . . . . . 19 Explosive . | . . . . . . Electromagnetic . | . . . . . . Robot Hit Streak 19 | 5 14 19 . . 19 Robot Miss Streak 3 | . 3 3 . . 3 Penetration Max . | . . . . . . Secondary Targets 6 | . 2 4 . . . Max Gunslinging Chain 1 | . 1 1 . . . Shots Hit Robots 190 | 5 33 89 . . 63 Core Hits 87 | 3 15 42 . . 27 Critical Kills . | . . . . . . Critical Parts Destroyed . | . . . . . . Critical Strikes 2 | . . . . . 2 Burn 2 | . . . . . 2 Melee Attacks . | . . . . . . Impact . | . . . . . . Slashing . | . . . . . . Piercing . | . . . . . . Sneak Attacks . | . . . . . . Combat Hostiles . | . . . . . . Follow-up Attacks . | . . . . . . Damage Inflicted 2749 | 36 271 1381 . . 1061 Guns 2559 | 36 271 1191 . . 1061 Cannons . | . . . . . . Explosions 190 | . . 190 . . . Melee . | . . . . . . Ramming . | . . . . . . Kinetic 2309 | 36 271 1191 . . 811 Thermal 261 | . . 11 . . 250 Explosive . | . . . . . . Electromagnetic 179 | . . 179 . . . Impact . | . . . . . . Slashing . | . . . . . . Piercing . | . . . . . . Highest Corruption 4 | . . . . . 4 Average Corruption 1 | . . . . . 1 Corruption Purged . | . . . . . . Corruption Blocked . | . . . . . . Effects 4 | . . . . . 4 Message Errors 1 | . . . . . 1 Matter Fused 2 | . . . . . 2 Energy Discharges 1 | . . . . . 1 Overload Shots . | . . . . . . Overflow Damage . | . . . . . . Projectiles . | . . . . . . Explosions . | . . . . . . Melee . | . . . . . . Knockbacks . | . . . . . . Impact . | . . . . . . Kinetic . | . . . . . . Secondary . | . . . . . . Self-Inflicted Damage 45 | . . 45 . . . Shots 3 | . . 3 . . . Rammed . | . . . . . . Targets Rammed . | . . . . . . Kicked . | . . . . . . Crushed . | . . . . . . Highest Temperature 491 | . 6 72 . . 491 Average Temperature 106 | . 6 22 . . 162 Received Heat Transfer 501 | . 24 189 . . 288 Effects 8 | . . . . . 8 Shutdowns 5 | . . . . . 5 Energy Bleed 2 | . . . . . 2 Matter Decay 1 | . . . . . 1 Siege Activations . | . . . . . . Robots Corrupted . | . . . . . . Combat Hostiles . | . . . . . . Parts Fried 2 | . . 2 . . . Impact Corruptions . | . . . . . . Robots Melted . | . . . . . . Combat Hostiles . | . . . . . . Parts Melted 3 | . . . . . 3 Heat Transferred 679 | . . 50 . . 629 Parts Sabotaged . | . . . . . . Parts Stolen . | . . . . . . Parts Stripped . | . . . . . . Power Chain Reactions 1 | . . 1 . . . Missiles Intercepted . | . . . . . . Alert | -11 -10 -9 -9 -7 -6 ------- Run | Scr Mat Mat Min Zio Pro Peak Influence 594 | 5 167 594 105 . . Initial 105 | . . 50 105 . . Average 175 | 4 101 332 105 . . Maximum Alert Level 2 | . . 2 . . . Low Security (%) 62 | 100 100 14 100 . . Level 1 30 | . . 70 . . . Level 2 6 | . . 15 . . . Level 3 . | . . . . . . Level 4 . | . . . . . . Level 5 . | . . . . . . High Security . | . . . . . . Max Security . | . . . . . . Squads Dispatched 1 | . . 1 . . . Investigation . | . . . . . . Extermination . | . . . . . . Reinforcement 1 | . . 1 . . . Assault . | . . . . . . Garrison . | . . . . . . Intercept . | . . . . . . Searches Triggered . | . . . . . . Construction Impeded . | . . . . . . Haulers Reinforced . | . . . . . . Active Scanning Responses . | . . . . . . Cargo Convoy Interrupts . | . . . . . . Stealth | -11 -10 -9 -9 -7 -6 --------- Run | Scr Mat Mat Min Zio Pro Distress Signals 3 | . . 3 . . . Communications Jammed . | . . . . . . Distress Signals . | . . . . . . Times Spotted 47 | . 10 26 . . 11 Peak Tracking Total 5 | . 3 5 . . 5 Tactical Retreats . | . . . . . . Traps | -11 -10 -9 -9 -7 -6 ------- Run | Scr Mat Mat Min Zio Pro Traps Triggered . | . . . . . . Indirectly . | . . . . . . Trap Hack Attempts . | . . . . . . Triggered . | . . . . . . Disarmed . | . . . . . . Reprogrammed . | . . . . . . Reused . | . . . . . . Traps Extracted . | . . . . . . Installed . | . . . . . . Triggered 1 | . . . . . 1 Machines | -11 -10 -9 -9 -7 -6 ---------- Run | Scr Mat Mat Min Zio Pro Machines Disabled 3 | . . 3 . . . Max in Single Turn 2 | . . 2 . . . Machines Sabotaged . | . . . . . . Garrisons Compromised . | . . . . . . Overloaded Fab Kills . | . . . . . . Hacking | -11 -10 -9 -9 -7 -6 --------- Run | Scr Mat Mat Min Zio Pro Machines Accessed . | . . . . . . Terminals . | . . . . . . Fabricators . | . . . . . . Repair Stations . | . . . . . . Recycling Units . | . . . . . . Scanalyzers . | . . . . . . Garrison Access . | . . . . . . Total Hacks . | . . . . . . Successful . | . . . . . . Failed . | . . . . . . Catastrophic . | . . . . . . Database Lockouts . | . . . . . . Manual . | . . . . . . Terminals . | . . . . . . Fabricators . | . . . . . . Repair Stations . | . . . . . . Recycling Units . | . . . . . . Scanalyzers . | . . . . . . Garrison Access . | . . . . . . Terminal Hacks . | . . . . . . Fabricator Hacks . | . . . . . . Repair Station Hacks . | . . . . . . Recycling Unit Hacks . | . . . . . . Scanalyzer . | . . . . . . Garrison Access Hacks . | . . . . . . Unauthorized Hacks . | . . . . . . Terminals . | . . . . . . Fabricators . | . . . . . . Repair Stations . | . . . . . . Recycling Units . | . . . . . . Scanalyzers . | . . . . . . Garrison Access . | . . . . . . Data Cores Recovered . | . . . . . . Used . | . . . . . . Hacking Detections . | . . . . . . Full Trace Events . | . . . . . . Feedback Events . | . . . . . . Feedback Blocked . | . . . . . . Robot Schematics Acquired . | . . . . . . Robots Built . | . . . . . . Authchips . | . . . . . . Time . | . . . . . . Total Robot Build Rating . | . . . . . . Part Schematics Acquired . | . . . . . . Parts Built . | . . . . . . Authchips . | . . . . . . Time . | . . . . . . Total Part Build Rating . | . . . . . . Parts Repaired . | . . . . . . Time . | . . . . . . Parts Recycled . | . . . . . . Recycled Matter . | . . . . . . Retrieved Matter . | . . . . . . Retrieved Components . | . . . . . . Parts Scanalyzed . | . . . . . . Part Schematics Acquired . | . . . . . . Parts Damaged . | . . . . . . Bothacking | -11 -10 -9 -9 -7 -6 ------------ Run | Scr Mat Mat Min Zio Pro Used RIF Installer . | . . . . . . Robots Hacked . | . . . . . . Non-combat . | . . . . . . Combat . | . . . . . . Robot Hacks Applied . | . . . . . . Relay Couplers Released . | . . . . . . Fabnet Peak Effective % . | . . . . . . Robots Rewired . | . . . . . . Allies Hacked . | . . . . . . Hacks Repelled . | . . . . . . Allies | -11 -10 -9 -9 -7 -6 -------- Run | Scr Mat Mat Min Zio Pro Total Allies . | . . . . . . Largest Group . | . . . . . . Highest-Rated Group . | . . . . . . Highest-Rated Ally . | . . . . . . Total Orders . | . . . . . . Ally Attacks . | . . . . . . Total Damage . | . . . . . . Kills . | . . . . . . Allies Corrupted . | . . . . . . Allies Melted . | . . . . . . Intel | -11 -10 -9 -9 -7 -6 ------- Run | Scr Mat Mat Min Zio Pro Robot Analysis Total . | . . . . . . Derelict Logs Recovered 1 | . . . 1 . . Drone Launches . | . . . . . . Drone Recoveries . | . . . . . . Exploration | -11 -10 -9 -9 -7 -6 ------------- Run | Scr Mat Mat Min Zio Pro Turns Passed 2408 | 433 310 658 91 347 569 Spaces Moved 1243 | 71 210 370 76 279 237 Core 33 | 32 . . . . 1 Treads . | . . . . . . Legs 1203 | 39 210 363 76 279 236 Wheels . | . . . . . . Hover . | . . . . . . Flight 7 | . . 7 . . . Fastest Speed 50 | 50 120 120 120 120 120 Average Speed 130 | 88 120 124 120 123 175 Slowest Speed 450 | 120 120 375 120 190 450 Overloaded Moves . | . . . . . . Propulsion Burnouts . | . . . . . . Robots Hopped . | . . . . . . Cave-ins Triggered . | . . . . . . Exploration Rate (%) 26 | 7 42 42 21 28 21 Regions Visited 5 Branch Regions 3 Pre-discovered Areas 2 | . . . . 2 . Known Exits Taken 4 | 1 1 1 . 1 . Unknown Exits Taken 1 | . . . 1 . . Scrap Searched . | . . . . . . Spaces Dug . | . . . . . . Terrain Destroyed 2 | . . 2 . . . Melee . | . . . . . . Projectile . | . . . . . . AOE 2 | . . 2 . . . Terrain Rammed . | . . . . . . Walls Destroyed . | . . . . . . Machines Disabled . | . . . . . . Actions | -11 -10 -9 -9 -7 -6 --------- Run | Scr Mat Mat Min Zio Pro Total 1805 | 437 233 463 76 280 316 Wait 408 | 350 . 27 . . 31 Move 1238 | 70 209 369 75 278 237 Hop . | . . . . . . Pick Up 22 | 7 1 7 1 2 4 Fast Attach . | . . . . . . Attach 14 | 6 1 4 . . 3 Detach . | . . . . . . Swap 7 | . . 4 . . 3 Drop 7 | 1 . 3 . . 3 Fire 109 | 3 22 49 . . 35 Melee . | . . . . . . Ram . | . . . . . . Kick . | . . . . . . Crush . | . . . . . . Escape Stasis . | . . . . . . Rewire . | . . . . . . Trap . | . . . . . . Miscellaneous . | . . . . . . Route ------- -11/Scrapyard -10/Materials (discovered 3 exits: *Mat x2 / *Min) -9/Materials (discovered 2 exits: *Min / *Sto) -9/Mines (discovered 2 exits: *Mat / [*Zio]) -7/Zion -6/Proximity Caves History --------- Turn | Location | Event 5 | -11/Scrapyard | Identified exit to Materials 5 | -11/Scrapyard | Discovered exit to Materials (range 15) 434 | -11/Scrapyard | Entered Materials 434 | -10/Materials | Evolved 1 slot: Power x1 435 | -10/Materials | Build established: Hacker-Mutant 630 | -10/Materials | Identified exit to Materials 630 | -10/Materials | Discovered exit to Materials (range 16) 687 | -10/Materials | Identified exit to Mines 687 | -10/Materials | Discovered exit to Mines (range 16) 725 | -10/Materials | Discovered exit to Materials (range 14) 744 | -10/Materials | Entered another Materials area 744 | -9/Materials | Evolved 2 slots: Propulsion x1, Weapon x1 753 | -9/Materials | Identified exit to Storage 753 | -9/Materials | Discovered exit to Storage (range 12) 943 | -9/Materials | Identified exit to Mines 943 | -9/Materials | Discovered exit to Mines (range 13) 1142 | -9/Materials | Build established: Hacker-Skirmisher 1402 | -9/Materials | Entered Mines 1404 | -9/Mines | Identified exit to Materials 1404 | -9/Mines | Discovered exit to Materials (range 11) 1458 | -9/Mines | A Derelict revealed a hidden shortcut to a safe place 1480 | -9/Mines | Learned location of 1 exit from Materials 1493 | -9/Mines | Entered Zion 1604 | -7/Zion | Learned location of Warlord (-5) 1830 | -7/Zion | Identified exit to Proximity Caves 1830 | -7/Zion | Discovered exit to Proximity Caves (range 8) 1840 | -7/Zion | Entered Proximity Caves 2368 | -6/Proximity Caves | Attacked by a faux Warlord 2402 | -6/Proximity Caves | Core integrity fell below 50% 2409 | -6/Proximity Caves | Self-destructed Last Messages --------------- Power failure, Lgt. Nuclear Core shutdown. Q5-XUS(g) destroyed. Acquired 6 matter. Power failure, Lgt. Nuclear Core shutdown. Overheating: Matter decay (-57). Acquired 33 matter. Acquired 24 matter. Power failure, Lgt. Angular Momentum Engine shutdown. FW-4OS(M): "You are tresspassing on Warlord territory, MY territory! Guards, destroy it!" Overheating: Energy bleed (-48). Imp. Aluminum Leg destroyed. Acquired Carbon-fiber Leg. Hvy. Assault Rifle destroyed. Acquired 10 matter. Tractor Beam destroyed. Lgt. Nuclear Core destroyed. Lgt. Angular Momentum Engine destroyed. System corrupted: Matter fused (-7). Hvy. Assault Rifle destroyed. Map ----- +----------------------------------------------------+ | # ##??#??? ???????????????????????????????? | | ## #??????#???????????????????????????????? | | ### #??????#???????????????????????????????? | | ??#### ##??????????????????????????????????????? | | ####?# ##??#######???#??#???????????????????????? | | # #?# #?### ####???? ????????????????????????? | | ### ### #?? ? ????????????????????????? | | ## #??? #????????????????????????? | | ## #??? #?? ?????????????????????? | | #?? #????????????????????????? | | ## #?? #????????????????????????? | | ##### ### #?#? ????????????????????? | | ## ###?##### #???? ???????????????????? | | ## ########## #????????????????????????? | | #### ##### ## #####???????????????????????? | | ???# ## #???#???????????????????????? | | ?### ## ######## ???????????????? | | ?## ## # ????????????????????? | | ## ## #????##??????? ???????????? | | #### #???#!## ????????????????? | | #??####!#?? l#?? ???????????????? | | #????##[#? ##??? ??????????????? | | ## ###???## ##? #???? ?????????????? | | #?## ### #?????##!g## ##??????????????????? | | ?#?#####?## #????## * #!# ???#?#????????????? | | ????????#?######?????# @ #????????????????????? | | ??????#????#??#??????# M #????????????????? | | ?????????????#??#????############????????????????? | | ???????##??#???#?????????????#???????#???????????? | | ?????????????#????????????##??????#??????????????? | | ????#?#??????????##?##?????#??????#??????????????? | | ?????????????????????????#???#???????????????????? | | ???????????#?????????????????????????????????????? | | ???????????????#?#?????????????????#?????????????? | | ???????????????????????????#?????????????????????? | | ????????????????#????#?#?????????????????????????? | | ???????????????????#?????????????????????????????? | | ??????????????????????????#??????????????????????? | | ??????????????????????#??????????????????????????? | | ???????????????????????#?????????????????????????? | | ?????????????????????????????????????????????????? | | | | | | | | | | | | | | | | | | | +----------------------------------------------------+ Best States ------------- Heat Dissipation 28 Energy Generation 27 Energy Capacity 275 Matter Stores 300 Matter Capacity 300 Sight Range 16 Terrain Scan Range 14 Terrain Scan Density 10 Resistance: KI 35 Resistance: TH 35 Resistance: EX 35 Resistance: EM 35 Resistance: I 35 Resistance: S 35 Resistance: P 35 Evasion (%) 55 Offensive Hacking 20 Item Schematics ----------------- None Robot Schematics ------------------ None Fabricated ------------ Nothing Alien Tech Used ----------------- None Achievements -------------- Robot Respite Use The Force Challenges ------------ None Game ------ Seed MediumColdShearcannon Manual? 0 Play Time 00:21:32 Cumulative 1.1 hours Start 2022.05.22 @ 18:53:45 End 2022.05.22 @ 20:25:00 Sessions 1 Manual Loads 0 Difficulty Explorer Special Mode None Game No. 4 Rogue 0 Adventurer 0 Explorer 4 Win Type - Total 0 Types 0/0/0/0/0/0/0/0/0 Lore% 2 Gallery% 5 Achievement% 6 Wizard Run 0 Options --------- ASCII 0 Keyboard 0 Movement Mouse Keybinds 0 Fullscreen 1 Font 18/SmallcapsGlow Map View 76x50 Tactical HUD 0 Map Filters NONE Filters NONE Steam 1 RUN: fa641604-a733-4295-aa55-8fadbc0c2270